 Dungeon Crawl Stone Soup version 0.21-a0-641-geef9d7f (webtiles) character file.

142 shenanigans the Skirmisher (level 5, 0/42 HPs)
             Began as a Barachi Skald on Dec 31, 2017.
             Killed by divine providence
             ... invoked by an orc priest
              (12 damage)
             ... on level 2 of the Dungeon.
             The game lasted 00:05:46 (3620 turns).

shenanigans the Skirmisher (Barachi Skald)          Turns: 3620, Time: 00:05:47

Health: 0/42       AC: 12    Str: 12    XL:     5   Next: 24%
Magic:  8/8        EV:  3    Int: 15    God:
Gold:   131        SH:  0    Dex: 11    Spells: 7/8 levels left

rFire    . . .     SeeInvis .   C - +0 morningstar
rCold    . . .     Gourm    .   (no shield)
rNeg     + . .     Faith    .   w - +0 plate armour
rPois    .         Spirit   .   (no helmet)
rElec    .         Reflect  .   (no cloak)
rCorr    .         Harm     .   (no gloves)
MR       .....                  k - +0 pair of boots
Stlth    ..........             x - amulet of rage
HPRegen  0.14/turn              z - ring of positive energy
MPRegen  0.11/turn              (no ring)

@: slow
A: +LOS, swims, slowness 1, strong legs 1
a: Hop, Evoke Berserk Rage


You were on level 2 of the Dungeon.
You were not hungry.

You visited 1 branch of the dungeon, and saw 3 of its levels.

You collected 131 gold pieces.

Inventory:

Hand Weapons
 a - a +0 hand axe
 v - a +1 dagger of electrocution
 C - a +0 morningstar (weapon)
Missiles
 y - 8 tomahawks (quivered)
Armour
 b - a +0 leather armour
 k - a +0 pair of boots (worn)
 s - a +0 chain mail
 w - a +0 plate armour (worn)
Jewellery
 x - an amulet of rage (around neck)
 z - a ring of positive energy (left hand)
Scrolls
 i - a scroll of noise {unknown}
 j - 2 scrolls of identify {unknown}
 l - 2 scrolls of teleportation {unknown}
 m - 2 scrolls of fog {unknown}
 n - 4 scrolls of remove curse {unknown}
 o - a scroll of enchant armour {unknown}
 r - a scroll of fear {unknown}
 t - a scroll of blinking {unknown}
Potions
 e - 2 potions of curing {unknown}
 f - a potion of resistance {unknown}
 g - a potion of heal wounds {unknown}
 h - 2 potions of flight {unknown}
 p - 2 potions of lignification {unknown}
 q - a potion of ambrosia {unknown}
 u - a potion of haste {unknown}
 A - a potion of magic {unknown}
Books
 c - a book of Battle

   Spells                             Type                      Level
   a - Infusion                       Charms                       1
   b - Shroud of Golubria             Charms/Translocation         2
   c - Song of Slaying                Charms                       2
   d - Spectral Weapon                Hexes/Charms                 3
   e - Regeneration                   Charms/Necromancy            3
Comestibles
 d - 4 rations


   Skills:
 + Level 3.7 Fighting
 + Level 3.4 Axes
 + Level 3.0 Armour
 + Level 3.4 Dodging
 - Level 2.1 Spellcasting
 - Level 3.2 Charms


You had 7 spell levels left.
You knew the following spells:

 Your Spells              Type           Power        Failure   Level  Hunger
a - Infusion              Chrm           ##..         100%        1    #......


Dungeon Overview and Level Annotations

Branches:
Dungeon (3/15)

Altars:


Innate Abilities, Weirdness & Mutations

Shadows flee at your approach. (+LOS)
You can swim through water.
You cover ground slowly.
You can hop short distances.


Message History

The orc priest barely misses you.
Your plate armour prevents you from hitting the orc priest.
The orc priest is lightly wounded.
The orc priest hits you but does no damage.
You closely miss the orc priest.
The orc priest is lightly wounded.
The orc priest hits you but does no damage. x2
Your plate armour prevents you from hitting the orc priest.
The orc priest is lightly wounded.
The orc priest invokes the aid of Beogh against you.
Beogh smites you!
* * * LOW HITPOINT WARNING * * *
Your plate armour prevents you from hitting the orc priest.
The orc priest is lightly wounded.
The orc priest hits you but does no damage.
You barely miss the orc priest.
The orc priest is lightly wounded.
The orc priest calls down the wrath of Beogh upon you.
Beogh smites you!
You die...

#...........# #.#..
#...........# #.###
#...........# #.#
#...........# #.#
#...........#######'###
#...........##.........
#......(....##.........
########'#.............
#@.)..............
#o#)#.............
#.#.#.####+#######
#.#.#.# #.#......
####'#+#+####.#.#####
#..........##.#.#....
#..........##.#.#.###
#..........##'#.#.#
#...............#.###


You could see an orc priest.

Vanquished Creatures
  A gnoll (D:2)
  5 adders
  4 worms (D:2)
  5 dart slugs
  2 leopard geckos
  4 orcs
  A ball python (D:2)
  4 giant cockroaches
  3 hobgoblins
  4 jackals
  6 kobolds
  5 bats
  6 frilled lizards
  6 goblins
  9 rats
65 creatures vanquished.

Notes
Turn   | Place    | Note
-------+----------+-------------------------------------------
     0 | D:1      | shenanigans the Barachi Skald began the quest for the Orb.
     0 | D:1      | Reached XP level 1. HP: 17/17 MP: 3/3
   257 | D:1      | Reached XP level 2. HP: 23/23 MP: 5/5
   838 | D:1      | Reached XP level 3. HP: 24/28 MP: 6/6
  2102 | D:2      | Reached XP level 4. HP: 35/35 MP: 7/7
  3149 | D:2      | Reached XP level 5. HP: 30/41 MP: 8/8
  3620 | D:2      | Killed from afar by an orc priest

Vault maps used:
D:1:      co_arrival_two_rings
D:2:      first_ration, minmay_joined_circles
D:3:      uniq_natasha

Skill      XL: |  1  2  3  4  5 |
---------------+----------------+-----
Armour         | 2 3 |  3.0
Fighting       | 3 |  3.7
Dodging        | 3 |  3.4
Axes           | 3 |  3.4
Spellcasting   | |  2.1
Charms         | |  3.2

Action                   |  1- 3 |  4- 6 || total
-------------------------+-------+-------++-------
Melee: Hand axe          |   118 |   171 ||   289
       Morningstar       |       |    15 ||    15
Throw: Tomahawk          |       |     2 ||     2
 Cast: Infusion          |     5 |     2 ||     7
 Stab: Sleeping          |     1 |       ||     1
  Eat: Ration            |     1 |     1 ||     2
       Chunk             |     1 |     2 ||     3
Armor: Leather armour    |    25 |     5 ||    30
       Plate armour      |       |   143 ||   143
       Chain mail        |       |    35 ||    35
Dodge: Dodged            |    72 |    52 ||   124

Table legend:
 A = Spawn XP
 B = Non-spawn XP
 C = Spawn XP percentage of total XP
 D = Spawn monster count
 E = Non-spawn monster count
 F = Spawn count percentage of total count
 G = Total turns spent on level
                    A         B        C        D         E        F      G
               +---------+---------+-------+---------+---------+-------+---------
         Total |       0 |     203 |   0.0 |       0 |      65 |   0.0 |  3620
               +---------+---------+-------+---------+---------+-------+---------
           D:1 |       0 |      40 |   0.0 |       0 |      20 |   0.0 |  1454
           D:2 |       0 |     137 |   0.0 |       0 |      39 |   0.0 |  2060
           D:3 |       0 |      26 |   0.0 |       0 |       6 |   0.0 |   106
               +---------+---------+-------+---------+---------+-------+---------
